Map: Acropolis LE

Players

Parkkatz - Winner!

  • Race: Zerg Zerg
  • League: Platinum
  • Spawn Location: 5:00

VOD

Have the link to the VOD?

Description

Time

  • Played on: July 2, 2019, 9:56 p.m.
  • Length: 8:45
Show
View Real Time Build Order
Export as new Build Order

Parkkatz Zerg - Winner!

Build Orders:  

Get SALT Encoding   

  12  0:02  Drone  
  13  0:18  Overlord  
  13  0:36  Drone  
  14  0:43  Drone x2  
  16  0:51  Drone  
  17  1:06  Drone  
  18  1:21  Hatchery  
  18  1:26  Extractor  
  18  1:27  Drone  
  17  1:47  Spawning Pool  
  17  1:48  Drone  
  17  1:54  Drone  
  18  2:07  Drone  
  19  2:24  Overlord  
  19  2:54  Zergling x4  
  19  2:57  Queen  
  23  3:01  Queen  
  23  3:02  Zergling x2  
  26  3:19  Drone  
  27  3:20  Drone  
  27  3:22  Drone  
  29  3:37  Drone x2  
  31  3:47  Overlord  
  31  3:54  Queen  
  31  3:56  Queen  
  31  3:59  Drone  
  36  4:07  Metabolic Boost  
  36  4:16  Zergling x2  
  36  4:17  Zergling x4  
  39  4:23  Drone  
  40  4:33  Baneling Nest  
  39  4:41  Drone x2  
  41  5:09  Overlord  
  41  5:11  Zergling x2  
  42  5:21  Zergling x2, Evolution Chamber  
  42  5:22  Evolution Chamber  
  42  5:25  Drone x2  
  42  5:26  Drone  
  44  5:30  Overlord  
  44  5:31  Overlord  
  44  5:37  Baneling x2  
  44  5:51  Drone  
  44  5:52  Drone x3  
  44  5:59  Hatchery  
  47  6:21  Drone x2  
  47  6:22  Zergling x2  
  47  6:23  Zergling x10  
  55  7:10  Zergling x2  
  55  7:11  Zergling x16  
  45  7:50  Zergling x6  
  45  7:51  Zergling x8  
  45  7:56  Zergling x2  
Tags
 
League
Platinum
Matchup
Co-op
Replay Pack
SC2 replays
Add a new tag
Caveats
  • Supply blocks, unpowered buildings, or Contaminate may cause inaccurate times.
  • Supply counts are checked every 10 seconds.